 Dungeon Crawl Stone Soup version 0.16.2-12-gd0ad4c3 (webtiles) character file.

20114 faibistes the Thaumaturge (level 12, 0/73 HPs)
             Began as a Deep Elf Wizard on Feb 19, 2018.
             Was the Champion of Sif Muna.
             Slain by Rupert
             ... wielding a +2 great mace of crushing
              (1 damage)
             ... on level 5 of the Lair of Beasts on Feb 20, 2018.
             The game lasted 01:05:05 (22969 turns).

faibistes the Thaumaturge (Deep Elf Wizard)        Turns: 22969, Time: 01:05:06

Health: 0/73       AC:  7    Str:  4    XL:     12   Next: 42%
Magic:  12/35      EV: 16    Int: 29    God:    Sif Muna [******]
Gold:   410        SH:  0    Dex: 13    Spells: 11 memorised, 1 level left

rFire  . . .     SeeInvis .     w - +3 dagger (venom)
rCold  . . .     Clarity  .     a - +0 robe (curse)
rNeg   . . .     SustAb   .     (no shield)
rPois  .         Gourm    .     b - +0 hat (curse)
rElec  .         Spirit   .     v - +2 cloak {+Inv}
rCorr  .         Warding  .     H - +1 pair of gloves
rMut   .         Stasis   .     (no boots)
MR     +....                    (no amulet)
Stlth  ++........               (no ring)
                                (no ring)

@: repel missiles, somewhat resistant to hostile enchantments, unstealthy
A: sense surroundings 1, robust 1
a: Channel Energy, Forget Spell, Renounce Religion, Evoke Invisibility


You were on level 5 of the Lair of Beasts.
You worshipped Sif Muna.
Sif Muna was exalted by your worship.
You were not hungry.

You visited 3 branches of the dungeon, and saw 17 of its levels.
You also visited: Sewer, Ossuary and Bailey.

You collected 1080 gold pieces.
You spent 670 gold pieces at shops.

Inventory:

Hand weapons
 g - a cursed +1 club
 n - a cursed +0 dagger
 r - a cursed +0 dagger of electrocution
 w - a +3 dagger of venom (weapon)
 F - a +1 dagger of electrocution
Armour
 a - a cursed +0 robe (worn)
 b - a cursed +0 hat (worn)
 v - a +2 cloak of invisibility (worn)
 H - a +1 pair of gloves (worn)
Magical staves
 o - an uncursed staff of death
Jewellery
 M - an uncursed ring of protection from fire {unknown}
Magical devices
 f - a wand of paralysis (16)
 s - a wand of enslavement (0)
 E - a wand of fire (1)
Scrolls
 e - 3 scrolls of blinking
 p - 4 scrolls of immolation
 y - 6 scrolls of remove curse
 z - 4 scrolls of teleportation
 G - 5 scrolls of amnesia
 I - a scroll of recharging
Potions
 c - a potion of resistance
 h - a potion of agility
 i - 9 potions of curing
 k - 2 potions of ambrosia
 l - a potion of cancellation
 q - 2 potions of magic
 t - 3 potions of might
 u - a potion of lignification
 x - 2 potions of heal wounds
 A - 3 potions of restore abilities
 B - a potion of brilliance {unknown}
 C - a potion of berserk rage {unknown}
 D - 5 potions of haste
 J - a potion of degeneration {unknown}
 Q - a potion of flight {unknown}
Books
 j - a book of Dreams

   Spells                             Type                      Level
   a - Ensorcelled Hibernation        Hexes/Ice                    2
   b - Flight                         Charms/Air                   3
   c - Phase Shift                    Translocation                5
   d - Shadow Creatures               Summoning                    5
   e - Mass Confusion                 Hexes                        6
   f - Darkness                       Hexes                        7
 O - Sif Muna's Catalogue of Air and Attacks
   (Sif Muna gifted it to you on level 3 of the Lair of Beasts)

   Spells                             Type                      Level
   a - Shock                          Conjuration/Air              1
   b - Repel Missiles                 Charms/Air                   2
   c - Swiftness                      Charms/Air                   2
   d - Throw Flame                    Conjuration/Fire             2
   e - Summon Lightning Spire         Summoning/Air                4
   f - Conjure Ball Lightning         Conjuration/Air              6
Comestibles
 d - 4 bread rations
 m - 5 meat rations
 K - 2 beef jerkies
 L - 3 fruits
 N - a royal jelly
 P - 8 chunks of flesh


   Skills:
 + Level 4.6 Fighting
 + Level 8.7 Dodging
 - Level 2.4 Stealth
 * Level 12.9 Spellcasting
 * Level 7.5 Conjurations
 + Level 5.9 Charms
 - Level 5.9 Summonings
 + Level 5.4 Translocations
 * Level 7.4 Fire Magic
 - Level 2.1 Ice Magic
 - Level 3.6 Air Magic
 - Level 2.9 Poison Magic
 * Level 6.7 Invocations
 + Level 6.3 Evocations


You had one spell level left.
You knew the following spells:

 Your Spells              Type           Power        Failure   Level  Hunger
a - Magic Dart            Conj           ####         1%          1    None
b - Conjure Flame         Conj/Fire      ######..     1%          3    None
c - Summon Lightning Spi  Summ/Air       #####...     4%          4    None
d - Blink                 Tloc           N/A          1%          2    None
e - Mephitic Cloud        Conj/Pois/Air  #####...     1%          3    None
f - Repel Missiles        Chrm/Air       #####.       1%          2    None
g - Call Imp              Summ           ######..     1%          2    None
h - Summon Forest         Summ/Tloc      ######....   10%         5    ##.....
i - Summon Ice Beast      Ice/Summ       #####...     8%          4    None
x - Force Lance           Conj/Tloc      ######..     1%          4    None
z - Fireball              Conj/Fire      ######....   4%          5    ##.....


Dungeon Overview and Level Annotations

Branches:
Dungeon (10/15)            Temple (1/1) D:7            Lair (6/8) D:8
  Swamp: Lair:3-6    Shoals: Lair:3-6     Snake: Lair:3-6    Spider: Lair:3-6
  Slime: Lair:6-8       Orc: D:9-12

Altars:
Ashenzari
Cheibriados
Dithmenos
Elyvilon
Fedhas
Gozag
Kikubaaqudgha
Makhleb
Okawaru
Qazlal
Ru
Sif Muna
Trog
Xom
Yredelemnul
Zin
Jiyva

Shops:
D:4 [   D:7 *[

Annotations:
Lair:5 Rupert


Innate Abilities, Weirdness & Mutations

You passively map a small area around you.
You are robust (+10% HP).


Message History

Press: ? - help, Shift-Dir - straight line, f/p - Rupert
Aim: Rupert, wielding a great mace of crushing and wearing a runed scale mail (flame, severely wounded, berserk, fast, unusually strong)
The lance of force hits Rupert.
Rupert is almost dead.
Rupert is knocked back by the lance of force.
Use which ability? (? or * to list)
You channel some magical energy.
You feel somewhat more hungry.
Rupert is engulfed in roaring flames. x2
Casting: Force Lance
Confirm with . or Enter, or press ? or * to list all spells.
Aiming: Force Lance
Press: ? - help, Shift-Dir - straight line, f/p - Rupert
Aim: Rupert, wielding a great mace of crushing and wearing a runed scale mail (flame, almost dead, berserk, fast, unusually strong)
The lance of force misses Rupert.
Rupert is engulfed in roaring flames.
Casting: Force Lance
Confirm with . or Enter, or press ? or * to list all spells.
You blink.
Rupert is engulfed in roaring flames.
Rupert hits you with a great mace of crushing!!
* * * LOW HITPOINT WARNING * * *
You die...

...................#. , .
#...P................ ...
..............#P....P.
*.... P....#.......##......
*
#....,#....[......##.###..
*
P......####.........#...##.
........§..............>...
,
........§..................
.......§@@................
.......§.#.#..............
.....PP§P##.#....P.###.###
* ?..##P...###...P###*#..##
, .. #...., P...## ..... ,
, , #....##..... , .....
##... P.... .... ,... * , ,
, , . , , ,


You could see Rupert (berserk).

Vanquished Creatures
  An orc warlord (Bailey)
  Harold (Lair:1)
  A hydra (Lair:1)
  A griffon (Lair:3)
  Pikel (D:8)
  A black mamba (Lair:2)
  4 spiny frogs
  A guardian serpent (Lair:4)
  A komodo dragon (Lair:2)
  A fire drake (Lair:3)
  4 spriggans (Lair:2)
  2 wraiths (D:7)
  33 yaks
  2 hippogriffs
  7 wolves (Lair:2)
  2 sky beasts
  5 water moccasins
  3 phantoms
  2 porcupines
  2 slaves (D:8)
  3 ogres
  An ice beast (D:8)
  2 black bears (D:8)
  4 centaurs
  12 orc warriors
  5 crocodiles
  A necrophage (D:7)
  An elf zombie (D:7)
  A big kobold (D:9)
  A water moccasin zombie (D:7)
  3 scorpions
  11 giant frogs
  6 wights
  7 killer bees
  An electric eel (Lair:1)
  4 crimson imps
  A goliath beetle (D:8)
  3 jellies
  2 human zombies (D:7)
  4 orc priests (D:8)
  2 gnoll shamans
  A centaur zombie (D:6)
  6 hounds
  Crazy Yiuf (D:5)
  2 human skeletons (D:7)
  2 giant frog skeletons
  5 iguanas
  4 orc wizards
  4 worker ants
  2 ogre zombies (D:7)
  10 mummies
  A worker ant zombie (D:8)
  16 adders
  26 gnolls
  16 river rats
  7 giant mites
  5 worms
  17 giant geckos
  9 oozes
  38 orcs
  16 bats
  25 giant cockroaches
  29 goblins
  19 hobgoblins
  6 jackals
  22 kobolds
  8 quokkas
  14 ball pythons
  13 giant newts
  A gnoll zombie (Ossuary)
  3 hobgoblin zombies (Ossuary)
  A jackal skeleton (D:7)
  2 kobold zombies (Ossuary)
  3 orc zombies
  2 quokka skeletons
  A quokka zombie (D:6)
  25 rats
  A bush (D:6)
  4 plants
517 creatures vanquished.

Vanquished Creatures (collateral kills)
  An orc warrior (Bailey)
  2 giant frogs (Sewer)
  A gnoll (D:4)
  A river rat (D:3)
  An adder (D:3)
  A worm (D:3)
  A giant gecko (Sewer)
  A bat (D:3)
  A goblin (Bailey)
  A ball python (D:3)
  A giant newt (Sewer)
  2 rats
14 creatures vanquished.

Vanquished Creatures (others)
  A sky beast (D:8)
  A big kobold (D:6)
  Blork the orc (D:8)
  A killer bee (D:9)
  A crimson imp (Bailey)
  An adder (D:8)
  2 giant spores
  A kobold (D:6)
  2 ballistomycetes (D:7)
  A bush (D:6)
  4 fungi
  2 plants
18 creatures vanquished.

Grand Total: 549 creatures vanquished

Notes
Turn   | Place    | Note
--------------------------------------------------------------
     0 | D:1      | faibistes, the Deep Elf Wizard, began the quest for the Orb.
     0 | D:1      | Reached XP level 1. HP: 10/10 MP: 6/6
   189 | D:2      | Reached XP level 2. HP: 15/15 MP: 8/10
   197 | D:2      | Learned a level 2 spell: Blink
   200 | D:2      | Learned a level 2 spell: Call Imp
   250 | D:3      | Reached skill level 5 in Spellcasting
   482 | D:3      | Reached XP level 3. HP: 19/19 MP: 6/14
   487 | D:3      | Learned a level 3 spell: Conjure Flame
   491 | D:3      | Learned a level 3 spell: Mephitic Cloud
   529 | D:3      | Found a glowing drain.
   607 | Sewer    | Entered a sewer
   993 | Sewer    | Reached XP level 4. HP: 15/24 MP: 10/17
   997 | Sewer    | Learned a level 2 spell: Repel Missiles
  1396 | Sewer    | Reached skill level 6 in Spellcasting
  1959 | Sewer    | Reached XP level 5. HP: 28/28 MP: 14/20
  2139 | Sewer    | Noticed a giant frog
  2140 | Sewer    | Noticed a giant frog
  2154 | Sewer    | Killed a giant frog
  2158 | Sewer    | Killed a giant frog
  2513 | D:3      | Reached XP level 6. HP: 28/32 MP: 1/22
  2640 | D:3      | Reached skill level 7 in Spellcasting
  3078 | D:4      | Found Rumogruj's Antique Armour Emporium.
  3093 | D:5      | Entered Level 5 of the Dungeon
  3772 | D:4      | Reached skill level 1 in Evocations
  4362 | D:1      | Reached skill level 1 in Fighting
  4765 | D:1      | Reached XP level 7. HP: 38/38 MP: 23/25
  5530 | D:3      | Found a white marble altar of Elyvilon.
  5531 | D:3      | Found an opulent altar of Gozag.
  5531 | D:3      | Found an ancient bone altar of Kikubaaqudgha.
  5532 | D:3      | Found a snail-covered altar of Cheibriados.
  5532 | D:3      | Found a sacrificial altar of Ru.
  6402 | D:4      | Found a shadowy altar of Dithmenos.
  6458 | D:4      | Bought an embroidered cloak for 126 gold pieces
  6501 | D:4      | Reached skill level 5 in Dodging
  6590 | D:4      | Reached skill level 8 in Spellcasting
  6937 | D:5      | Found a stormy altar of Qazlal.
  7667 | D:5      | Noticed Crazy Yiuf
  7687 | D:5      | Killed Crazy Yiuf
  7843 | D:5      | Reached XP level 8. HP: 45/45 MP: 18/27
  7899 | D:5      | Found a burning altar of Makhleb.
  7906 | D:5      | Found a glowing silver altar of Zin.
  7906 | D:5      | Noticed an angel
  7907 | D:5      | Noticed an Executioner
  7945 | D:5      | Noticed a moth of wrath
  7951 | D:5      | Found a bloodstained altar of Trog.
  8664 | D:7      | Found a sand-covered staircase.
  8664 | D:7      | Found a staircase to the Ecumenical Temple.
  8682 | D:7      | Reached skill level 9 in Spellcasting
  8706 | Temple   | Entered the Ecumenical Temple
  8880 | Temple   | Became a worshipper of Sif Muna the Loreminder
  8908 | Ossuary  | Entered an ossuary
  9592 | D:7      | Reached skill level 1 in Fire Magic
  9592 | D:7      | Reached skill level 1 in Air Magic
  9988 | D:6      | Reached skill level 1 in Poison Magic
 10116 | D:6      | Acquired Sif Muna's first power
 10438 | D:7      | Found Choduvic's Armour Shoppe.
 10446 | D:7      | Reached XP level 9. HP: 32/51 MP: 26/29
 10608 | D:7      | Found Toozo's Assorted Antiques.
 11271 | D:7      | Found a basalt altar of Yredelemnul.
 11577 | D:7      | Reached skill level 5 in Conjurations
 11779 | D:7      | Acquired Sif Muna's second power
 11901 | D:7      | Reached skill level 10 in Spellcasting
 12985 | D:8      | Noticed Pikel
 12999 | D:8      | Killed Pikel
 12999 | D:8      | Reached skill level 1 in Charms
 12999 | D:8      | Reached skill level 1 in Invocations
 13145 | D:8      | Killed Blork the orc
 13227 | D:9      | Found a flagged portal.
 13244 | D:9      | Reached XP level 10. HP: 43/56 MP: 18/31
 13367 | Bailey   | Entered a bailey
 13590 | Bailey   | Reached skill level 11 in Spellcasting
 14182 | Bailey   | Noticed an orc warlord
 14434 | Bailey   | Learned a level 4 spell: Summon Ice Beast
 14672 | Bailey   | Killed an orc warlord
 14672 | Bailey   | Reached skill level 5 in Fire Magic
 14672 | Bailey   | Reached skill level 1 in Ice Magic
 14692 | Bailey   | Acquired Sif Muna's third power
 15196 | D:10     | Entered Level 10 of the Dungeon
 15217 | D:9      | Learned a level 5 spell: Fireball
 15222 | D:9      | Learned a level 4 spell: Force Lance
 15228 | D:9      | Learned a level 5 spell: Summon Forest
 15407 | D:7      | Bought a paperback book for 480 gold pieces
 15407 | D:7      | Bought a scroll of identify for 64 gold pieces
 15408 | D:7      | Gained mutation: You passively map a small area around you. [potion of beneficial mutation]
 15409 | D:7      | Gained mutation: You are robust (+10% HP). [potion of beneficial mutation]
 15899 | D:8      | Reached XP level 11. HP: 41/66 MP: 3/33
 16287 | D:9      | Found a blossoming altar of Fedhas.
 16555 | D:8      | Found a staircase to the Lair.
 17217 | Lair:1   | Entered Level 1 of the Lair of Beasts
 17325 | Lair:1   | Noticed a six-headed hydra
 17334 | Lair:1   | Killed a six-headed hydra
 17334 | Lair:1   | Reached skill level 5 in Evocations
 18230 | Lair:1   | Reached skill level 12 in Spellcasting
 18259 | Lair:1   | Reached skill level 5 in Summonings
 18300 | Lair:1   | Reached skill level 5 in Invocations
 18626 | Lair:1   | Noticed Harold
 18641 | Lair:1   | Killed Harold
 18993 | Lair:1   | Reached skill level 5 in Charms
 19660 | Lair:2   | Reached skill level 5 in Translocations
 20325 | Lair:2   | Reached XP level 12. HP: 73/73 MP: 12/35
 22028 | Lair:3   | Received a gift from Sif Muna
 22029 | Lair:3   | Identified Sif Muna's Catalogue of Air and Attacks (Sif Muna gifted it to you on level 3 of the Lair of Beasts)
 22256 | Lair:3   | Learned a level 4 spell: Summon Lightning Spire
 22793 | Lair:3   | You fall through a shaft for 2 floors!
 22871 | Lair:5   | Noticed Rupert
 22969 | Lair:5   | HP: 1/73 [Rupert/great mace of crushing (27)]
 22969 | Lair:5   | Slain by Rupert

Action                   |  1- 3 |  4- 6 |  7- 9 | 10-12 || total
-------------------------+-------+-------+-------+-------++-------
Melee: Club              |     5 |     6 |       |       ||    11
       Dagger            |       |       |   368 |   142 ||   510
 Cast: Magic Dart        |    52 |   240 |   489 |   274 ||  1055
       Call Imp          |    12 |     5 |     1 |     2 ||    20
       Repel Missiles    |       |     1 |     2 |       ||     3
       Mephitic Cloud    |       |    17 |    23 |    19 ||    59
       Blink             |       |    10 |    13 |     8 ||    31
       Conjure Flame     |       |     2 |    46 |    75 ||   123
       Fireball          |       |       |       |   109 ||   109
       Force Lance       |       |       |       |    56 ||    56
       Summon Ice Beast  |       |       |       |     2 ||     2
Invok: Channel Energy    |       |       |       |    19 ||    19
Evoke: Wand              |       |       |     1 |     8 ||     9
  Use: Scroll            |     2 |     1 |    24 |     9 ||    36
       Potion            |       |       |     3 |     2 ||     5
 Stab: Sleeping          |     2 |       |       |       ||     2
       Confused          |       |     1 |     4 |     2 ||     7
       Paralysed         |       |       |       |     1 ||     1
  Eat: Chunk             |       |    11 |    22 |    29 ||    62
       Royal jelly       |       |       |     1 |       ||     1
       Beef jerky        |       |       |     2 |       ||     2
       Bread ration      |       |       |       |     2 ||     2
       Fruit             |       |       |       |     1 ||     1
